 Dungeon Crawl Stone Soup version 0.28.0 (webtiles) character file.

Game seed: 18359000868834395644

2450 BeingJoeMalik the Basher (level 9, 0/44 HPs)
             Began as a Vine Stalker Fighter on Feb 5, 2022.
             Was an Elder of Wu Jian.
             Slain by a four-headed hydra (6 damage)
             ... on level 7 of the Dungeon.
             The game lasted 00:17:54 (6669 turns).

BeingJoeMalik the Basher (Vine Stalker Fighter)     Turns: 6669, Time: 00:17:54

Health: 0/44       AC:  5    Str: 20    XL:     9   Next: 49%
Magic:  0/10       EV: 11    Int:  8    God:    Wu Jian [****..]
Gold:   80         SH:  6    Dex: 17    Spells: 8/8 levels left

rFire   . . .      SeeInvis .   h - +5 whip (venom)
rCold   . . .      Faith    +   c - +1 buckler
rNeg    + + .      Spirit   +   G - +1 leather armour of the Slightly Bent {rElec rPois rN+}
rPois   +          Reflect  .   p - +0 helmet
rElec   +          Harm     .   (no cloak)
rCorr   .          Rampage  .   (no gloves)
Will    +....                   (no boots)
Stlth   +.........              z - amulet of faith
HPRegen 0.94/turn               y - ring of positive energy
MPRegen 0.12/turn               (no ring)

@: no status effects
A: fangs 3, regeneration 1, magic shield, antimagic bite, no potion heal 2
a: Renounce Religion, Wall Jump, Serpent's Lash


You were on level 7 of the Dungeon.
You worshipped Wu Jian.
Wu Jian was greatly pleased with you.
You visited 1 branch of the dungeon, and saw 7 of its levels.
You also visited: Sewer.

You collected 403 gold pieces.
You spent 323 gold pieces at shops.

Inventory:

Hand Weapons
 h - a +5 whip of venom (weapon)
 w - a +2 whip of electrocution
 B - a +0 vampiric whip
 E - a +2 flail
Missiles
 f - 2 boomerangs (quivered)
 t - a throwing net
 A - 13 poisoned darts
Armour
 c - a +1 buckler (worn)
 p - a +0 helmet (worn)
 u - a +1 robe of cold resistance
 F - a +0 kite shield
 G - the +1 leather armour of the Slightly Bent (worn) {rElec rPois rN+}
   (You bought it in a shop on level 2 of the Dungeon)

   rElec:     It insulates you from electricity.
   rPois:     It protects you from poison.
   rN:        It protects you from negative energy.
Jewellery
 e - a ring of ice
 l - a ring of fire
 y - a ring of positive energy (left hand)
 z - an amulet of faith (around neck)
Wands
 r - a wand of mindburst (20)
 v - a wand of flame (10)
Scrolls
 m - a scroll of teleportation
 n - 3 scrolls of enchant armour
 o - a scroll of fear
 x - a scroll of immolation
Potions
 a - a potion of curing {unknown}
 b - 2 potions of cancellation {unknown}
 g - a potion of berserk rage {unknown}
 i - 8 potions of flight
 j - a potion of mutation {unknown}
 k - 2 potions of magic
 q - 2 potions of haste
 s - a potion of invisibility
 C - 3 potions of attraction {unknown}
 D - a potion of resistance {unknown}


   Skills:
 + Level 3.6 Fighting
 + Level 10.7 Maces & Flails
 - Level 2.4 Armour
 + Level 0.5 Dodging
 - Level 4.4 Shields


You had 8 spell levels left.
You didn't know any spells.
Your spell library contained the following spells:

 Spells                   Type           Power      Damage    Failure   Level
 Shock                    Conj/Air       0%         1d3       54%         1
 Slow                     Hex            0%         N/A       54%         1
 Sting                    Tmut/Pois      0%         1d3       54%         1
 Poisonous Vapours        Pois/Air       0%         N/A       69%         2
 Call Canine Familiar     Summ           0%         N/A       89%         3
 Confusing Touch          Hex            0%         N/A       89%         3
 Ozocubu's Armour         Ice            0%         N/A       89%         3
 Portal Projectile        Hex/Tloc       0%         N/A       89%         3
 Swiftness                Air            0%         N/A       89%         3
 Vampiric Draining        Necr           0%         2d6       89%         3
 Airstrike                Air            0%         N/A       100%        4
 Leda's Liquefaction      Hex/Erth       0%         N/A       100%        4
 Olgreb's Toxic Radiance  Pois           0%         N/A       100%        4
 Summon Forest            Summ/Tloc      0%         N/A       100%        5
 Eringya's Noxious Bog    Tmut/Pois      0%         N/A       100%        6
 Ozocubu's Refrigeration  Ice            0%         4d5       100%        7
 Summon Hydra             Summ           0%         N/A       100%        7


Dungeon Overview and Level Annotations

Branches:
Dungeon (7/15)             Temple (0/1) D:4           Sewer (visited)

Altars:
Hepliaklqana
Wu Jian

Shops:
D:2 [


Innate Abilities, Weirdness & Mutations

You have razor-sharp teeth.
Your natural rate of healing is unusually fast.
When hurt, damage is shared between your health and your magic reserves.
Your bite disrupts and absorbs the magic of your enemies.
Potions cannot restore your health.


Message History

The four-headed hydra bites you! The four-headed hydra bites you.
The four-headed hydra bites you but does no damage.
The four-headed hydra closely misses you.
Unknown command.
You hit the four-headed hydra.
The four-headed hydra is poisoned.
The four-headed hydra is lightly wounded.
Unknown command.
You hit the four-headed hydra. You bite the four-headed hydra.
You drain its power.
You feel invigorated.
The four-headed hydra is moderately wounded.
You block the four-headed hydra's attack.
The four-headed hydra bites you but does no damage.
The four-headed hydra barely misses you.
The four-headed hydra bites you.
You whack the four-headed hydra! You bite the four-headed hydra.
You drain its power.
You feel invigorated.
The four-headed hydra is moderately wounded.
Unknown command.
You hit the four-headed hydra.
You bite the four-headed hydra, but do no damage.
The four-headed hydra is heavily wounded.
The four-headed hydra bites you but does no damage.
The four-headed hydra bites you.
The four-headed hydra closely misses you.
The four-headed hydra bites you.
You barely miss the four-headed hydra. You bite the four-headed hydra!
You drain its power.
You feel invigorated.
The four-headed hydra is severely wounded.
The four-headed hydra bites you but does no damage.
The four-headed hydra bites you!
The four-headed hydra closely misses you.
The four-headed hydra bites you!
* * * LOW HITPOINT WARNING * * *
You enter the shallow water.
Moving in this stuff is going to be slow.
Unknown command.
The four-headed hydra bites you!
* * * LOW HITPOINT WARNING * * *
The four-headed hydra bites you!
You die...

##.(...##.)............#
###...##................
#.....................
.....................
...........≈≈≈≈...≈≈
....#......≈##≈≈..≈
..##≈≈≈≈.#.≈≈##≈≈≈≈
####≈##≈≈≈≈≈≈≈########## #
#≈≈##≈######.@D#.Z≈.# #
##≈≈###(#.#.#.#Z.#.#.#
######≈'..≈.≈...#..≈.#.≈.#
.....≈≈###.#.#.#..#.#.#.#....
###.≈≈## ######.#≈.#.≈.#.# ##
#.≈## ############ #)≈≈≈
#..... #######


You could see a four-headed hydra (poisoned) and a wyvern skeleton.

Vanquished Creatures
  Pikel (D:4)
  Sigmund (D:2)
  Edmund (D:6)
  A water moccasin (D:7)
  An ice beast (D:7)
  A centaur (D:6)
  An ogre (D:5)
  A lemure (D:4)
  A bullfrog (D:7)
  A gnoll sergeant (D:5)
  2 water moccasin zombies
  A wyvern skeleton (D:7)
  A killer bee (D:7)
  4 wights
  2 centaur zombies (D:7)
  2 jellies
  A bullfrog zombie (D:6)
  3 orc priests
  A hound (D:5)
  A centaur skeleton (D:7)
  5 iguanas
  An orc wizard (D:6)
  Terence (D:2)
  8 adders
  12 gnolls
  7 river rats (Sewer)
  2 shadow imps (D:7)
  2 white imps (D:5)
  An ufetubus (D:6)
  4 worms
  2 dart slugs
  10 orcs
  8 endoplasms
  6 giant cockroaches
  4 goblins
  4 hobgoblins
  10 jackals
  5 kobolds
  5 quokkas
  8 ball pythons
  6 bats
  6 frilled lizards
  3 rats
148 creatures vanquished.

Notes
Turn   | Place    | Note
-------+----------+-------------------------------------------
     0 | D:1      | BeingJoeMalik the Vine Stalker Fighter began the quest for
                  | the Orb.
     0 | D:1      | Reached XP level 1. HP: 11/11 MP: 2/2
   378 | D:1      | Reached skill level 2 in Maces & Flails
   384 | D:1      | Reached XP level 2. HP: 13/16 MP: 3/3
   797 | D:1      | Found a faded altar of an unknown god.
   807 | D:1      | Prayed at the altar of an unknown god.
   807 | D:1      | Became a worshipper of the Wu Jian Council
   807 | D:1      | Reached * piety under Wu Jian
  1007 | D:1      | Reached XP level 3. HP: 4/19 MP: 1/4
  1901 | D:2      | Found Mur Huj's Armour Emporium.
  1911 | D:2      | Noticed Terence
  1948 | D:2      | Killed Terence
  1949 | D:2      | Gained mutation: Your natural rate of healing is unusually
                  | fast. [Vine Stalker growth]
  1949 | D:2      | Reached XP level 4. HP: 13/23 MP: 3/5
  2057 | D:2      | Noticed Sigmund
  2073 | D:2      | Killed Sigmund
  2074 | D:2      | Reached skill level 4 in Maces & Flails
  2074 | D:2      | Reached XP level 5. HP: 27/27 MP: 6/6
  2471 | D:3      | Found a glowing drain.
  2483 | Sewer    | Entered a sewer
  2495 | Sewer    | Reached XP level 6. HP: 32/32 MP: 4/7
  2541 | Sewer    | Reached ** piety under Wu Jian
  2823 | Sewer    | Reached skill level 5 in Maces & Flails
  3653 | D:4      | Found a staircase to the Ecumenical Temple.
  3865 | D:4      | Reached XP level 7. HP: 33/35 MP: 8/8
  3931 | D:4      | Reached *** piety under Wu Jian
  4014 | D:4      | You fall into a shaft and drop 2 floors!
  4033 | D:6      | Reached skill level 6 in Maces & Flails
  4045 | D:5      | Entered Level 5 of the Dungeon
  4121 | D:4      | Noticed Pikel
  4146 | D:4      | Killed Pikel
  4147 | D:4      | Reached skill level 8 in Maces & Flails
  4147 | D:4      | Gained mutation: You have razor-sharp teeth. [Vine Stalker
                  | growth]
  4147 | D:4      | Reached XP level 8. HP: 15/39 MP: 4/9
  5112 | D:5      | Reached skill level 9 in Maces & Flails
  5648 | D:6      | Reached **** piety under Wu Jian
  5668 | D:6      | Reached XP level 9. HP: 42/44 MP: 8/10
  5878 | D:6      | Found a hazy altar of Hepliaklqana.
  5878 | D:6      | Noticed Edmund
  5879 | D:6      | Found a faded altar of an unknown god.
  5894 | D:6      | Killed Edmund
  5895 | D:6      | Reached skill level 10 in Maces & Flails
  6148 | D:2      | Bought the +1 leather armour of the Slightly Bent {rElec
                  | rPois rN+} for 323 gold pieces
  6655 | D:7      | Noticed a four-headed hydra
  6669 | D:7      | Slain by a four-headed hydra

Illustrated notes

Levels and vault maps discovered:
D:1:      dpeg_arrival_short_road, layout_basic,
          shapermc_ecumenical_altar_notcrosses, minmay_misc_feat_four_crosses,
          st_stairs_9
D:2:      layout_basic, serial_shops, nicolae_shop_statue_plus, uniq_terence,
          uniq_sigmund
D:3:      layout_basic, cheibrodos_sewer_entry_drain
D:4:      layout_loops_corners, minmay_temple_entry_offerings, uniq_pikel
D:5:      layout_cave_pods
D:6:      layout_basic, beargit_hepliaklqana_dungeon_heroes,
          kennysheep_generic_room_10
D:7:      kennysheep_spiral_hall, layout_cave_pools, minmay_manual_mullet

Skill      XL: |  1  2  3  4  5  6  7  8  9 |
---------------+----------------------------+-----
Maces & Flails | 2 4 5 8 9 10 | 10.7
Shields        | 3 4 |  4.4
Fighting       | 3 |  3.6
Armour         | |  2.4
Dodging        | |  0.5

Action                   |  1- 3 |  4- 6 |  7- 9 || total
-------------------------+-------+-------+-------++-------
Melee: Flail             |    36 |       |       ||    36
       Bite              |     9 |    27 |    75 ||   111
       Whip              |    16 |   162 |   236 ||   414
Throw: Boomerang         |     2 |       |     4 ||     6
Invok: Lunge             |     3 |    13 |    11 ||    27
       Whirlwind         |     1 |       |     3 ||     4
 Abil: Wall Jump         |       |     1 |       ||     1
  Use: Scroll            |       |     7 |     5 ||    12
       Potion            |       |       |     1 ||     1
Armor: Scale mail        |    15 |    51 |    25 ||    91
       Leather armour    |       |       |    17 ||    17
Dodge: Dodged            |    17 |    71 |    56 ||   144
Block: Buckler           |    15 |    41 |    42 ||    98
